 Dungeon Crawl Stone Soup version 0.30-a0-313-gae38170 (webtiles) character file.

Game seed: 13915211940669375710

55 Sixotanaka the Sneak (level 3, 0/29 HPs)
             Began as a Ghoul Brigand on Oct 26, 2022.
             Slain by Natasha (2 damage)
             ... on level 3 of the Dungeon.
             The game lasted 00:02:57 (1694 turns).

Sixotanaka the Sneak (Ghoul Brigand)                Turns: 1694, Time: 00:02:57

Health: 0/29       AC:  9    Str: 13 (14) XL:     3   Next: 93%
Magic:  2/2        EV:  5    Int:  6      God:
Gold:   122        SH:  0    Dex: 12      Spells: 2/2 levels left

rFire   . . .      SeeInvis .    a - +2 dagger
rCold   + . .      Faith    .    (no shield)
rNeg    + + +      Spirit   .    k - +0 chain mail
rPois   ∞          Reflect  .    (no helmet)
rElec   .          Harm     .    c - +0 cloak
rCorr   .          Rampage  .    (no gloves)
Will    .....                    (no boots)
Stlth   ..........               (no amulet)
HPRegen 0.00/turn                (no ring)
MPRegen 0.08/turn                (no ring)

@: attractive, flying, inhibited regen, slowed, very slow
A: claws 1, cold resistance 1, negative energy resistance 3, inhibited
regeneration, torment resistance 2, devour on kill
a: no special abilities


You were on level 3 of the Dungeon.
You visited 1 branch of the dungeon, and saw 3 of its levels.

You collected 122 gold pieces.

Inventory:

Hand Weapons
 a - a +2 dagger (weapon)
Missiles
 d - 9 poisoned darts (quivered)
 e - 3 curare-tipped darts
 g - a throwing net
Armour
 c - a +0 cloak (worn)
 k - a +0 chain mail (worn)
 n - a scarf of harm
Scrolls
 b - a scroll of poison {unknown}
 i - a scroll of brand weapon {unknown}
 l - a scroll of vulnerability {unknown}
 m - 2 scrolls of teleportation {unknown}
Potions
 h - a potion of flight


   Skills:
 - Level 2.1 Fighting
 - Level 1.7 Short Blades
 - Level 1.7 Throwing
 - Level 0.8 Dodging
 - Level 4.3 Stealth
 + Level 3.7 Unarmed Combat


You had 2 spell levels left.
You didn't know any spells.
Your spell library contained the following spells:

 Spells                   Type           Power      Damage    Failure   Level
 Dazzling Flash           Conj/Hex       0%         N/A       100%        3
 Summon Guardian Golem    Hex/Summ       0%         N/A       100%        3
 Iskenderun's Mystic Bla  Conj/Tloc      0%         2d3       100%        4
 Starburst                Conj/Fire      0%         6d3       100%        6
 Orb of Destruction       Conj           0%         9d5       100%        7
 Spellforged Servitor     Conj/Summ      0%         N/A       100%        7


Dungeon Overview and Level Annotations

Branches:
Dungeon (3/15)

Altars:

Annotations:
D:3 Natasha


Innate Abilities, Weirdness & Mutations

You are immune to poison.
You have sharp fingernails.
Your flesh is cold resistant. (rC+)
You are immune to negative energy. (rN+++)
You do not regenerate when monsters are visible.
You are immune to unholy pain and torment.
You thrive by killing the living.


Message History

Natasha claws you.
* * * LOW HITPOINT WARNING * * *
You hit Natasha.
Natasha is heavily wounded.
Natasha stares at you and mumbles some strange words.
You feel yourself slow down.
It was a potion of flight.
You feel very buoyant.
You fly up into the air.
Natasha howls an incantation.
Natasha glows brightly for a moment.
Natasha claws you but does no damage.
It was a potion of mutation.
You feel extremely strange.
Your body decomposes!
You feel weakened. Natasha claws you but does no damage.
The crimson imp blinks!
Natasha howls an incantation.
You feel disoriented. Natasha claws you.
* * * LOW HITPOINT WARNING * * *
The crimson imp blinks!
It was a potion of attraction.
You feel attractive to monsters. Natasha completely misses you.
The crimson imp is attracted toward you.
You hit Natasha but do no damage.
Natasha is heavily wounded.
Natasha casts a spell at you.
You feel as though you will be slow longer.
The crimson imp hits you but does no damage.
Natasha claws you but does no damage.
The crimson imp hits you but does no damage.
You closely miss Natasha.
Natasha is heavily wounded.
Natasha claws you but does no damage.
The crimson imp blinks!
The crimson imp is attracted toward you.
You closely miss Natasha.
Natasha is heavily wounded.
Natasha claws you.
You die...

............##.#.## ..
.)..........##....##.#
###...###............#
#...# ###.####..####
#...# #.......# #...#
#######§# #...# #.#
#...# #######§###.##
##.## #§..5h@......#
..# #.#####.###.## #.#
#.# ..# #.# #.# .#


You could see Natasha and a crimson imp (summoned).

Vanquished Creatures
  2 adders
  A worm (D:2)
  A dart slug (D:2)
  3 ball pythons
  4 endoplasms
  2 giant cockroaches (D:2)
  2 hobgoblins (D:2)
  4 kobolds
  4 quokkas
  2 bats (D:1)
  2 frilled lizards
  2 rats
29 creatures vanquished.

Notes
Turn   | Place    | Note
-------+----------+-------------------------------------------
     0 | D:1      | Sixotanaka the Ghoul Brigand began the quest for the Orb.
     0 | D:1      | Reached XP level 1. HP: 17/17 MP: 0/0
   164 | D:1      | Reached skill level 1 in Unarmed Combat
   217 | D:1      | Reached XP level 2. HP: 11/24 MP: 1/1
   283 | D:1      | Found a faded altar of an unknown god.
   801 | D:2      | Reached XP level 3. HP: 29/29 MP: 2/2
  1671 | D:3      | Noticed Natasha
  1694 | D:3      | Slain by Natasha

Illustrated notes

Levels and vault maps discovered:
D:1:      amcnicky_arrival_flooded_fountain, layout_basic,
          dreamdust_ecumenical_altar_hidden_monk_grotto
D:2:      layout_loops_ring, chequers_serial_rivers_small_3,
          hangedman_abyss_or_decor_lesser_grid
D:3:      layout_loops_cross, uniq_natasha

Skill      XL: |  1  2  3 |
---------------+----------+-----
Unarmed Combat | 1 2 3 |  3.7
Fighting       | |  2.1
Short Blades   | |  1.7
Throwing       | |  1.7
Dodging        | |  0.8
Stealth        | |  4.3

Action                   || total
-------------------------++-------
Melee: Dagger            ||   129
  Use: Potion            ||     3
 Stab: Sleeping          ||     6
Armor: Robe              ||     8
       Chain mail        ||    44
Dodge: Dodged            ||    37

Table legend: (Time is in decaauts)
 A = Elapsed time spent in this place.
 B = Non-inter-level travel time spent in this place.
 C = Inter-level travel time spent in this place.
 D = Time resting spent in this place.
 E = Time spent auto-exploring this place.
 F = Levels seen in this place.
 G = Mean time per level.
                   A        B        C        D        E       F      G
               +--------+--------+--------+--------+--------+-----+--------+
         Total |   1689 |   1573 |    116 |    137 |   1146 |   3 |  563.0 |
       Dungeon |   1689 |   1573 |    116 |    137 |   1146 |   3 |  563.0 |
               +--------+--------+--------+--------+--------+-----+--------+

Top non-repeatable levels by time:
     D:1: 854 daAuts
     D:2: 676 daAuts
     D:3: 158 daAuts
